 Dungeon Crawl Stone Soup version 0.29-a0-284-gf9362112df (webtiles) character file.

Game seed: 2946231734034514907

12238 Warped the Grappler (level 11, -11/53 HPs)
             Began as a Vine Stalker Fighter on Mar 22, 2022.
             Was a High Priest of Cheibriados.
             Mangled by a boulder beetle (17 damage)
             ... on level 11 of the Dungeon.
             The game lasted 00:37:06 (8132 turns).

Warped the Grappler (Vine Stalker Fighter)          Turns: 8132, Time: 00:37:06

Health: -11/53     AC: 21    Str: 35    XL:     11   Next: 90%
Magic:  0/16       EV: 14    Int: 20    God:    Cheibriados [*****.]
Gold:   537        SH:  7    Dex: 26    Spells: 10/10 levels left

rFire   . . .      SeeInvis .     - Unarmed
rCold   . . .      Faith    .   r - +1 buckler
rNeg    + . .      Spirit   +   t - +0 plate armour
rPois   +          Reflect  .   p - +0 helmet
rElec   .          Harm     .   e - +2 cloak {rPois}
rCorr   .          Rampage  .   (no gloves)
Will    +....                   (no boots)
Stlth   ..........              (no amulet)
HPRegen 0.97/turn               m - ring of positive energy
MPRegen 0.15/turn               B - +4 ring of protection

@: very slow
A: fangs 3, regeneration 1, magic shield, antimagic bite, no potion heal 2
a: Renounce Religion, Bend Time, Temporal Distortion, Slouch, Step From Time


You were on level 11 of the Dungeon.
You worshipped Cheibriados.
Cheibriados was extremely pleased with you.
You visited 2 branches of the dungeon, and saw 12 of its levels.

You collected 651 gold pieces.
You spent 114 gold pieces at shops.

Inventory:

Hand Weapons
 b - a +1 hunting sling
 f - the +8 trident of the Octopus King {venom, rElec rPois}
   (You took it off a centaur warrior on level 11 of the Dungeon)

   It poisons the flesh of those it strikes.
   rElec:     It insulates you from electricity.
   rPois:     It protects you from poison.
 G - a +0 whip of venom
 M - the +7 spear of Mypnewor {flame, rC+}
   (You found it on level 10 of the Dungeon)

   It burns those it strikes, dealing additional fire damage.
   rC:        It protects you from cold.
Missiles
 g - 263 stones (quivered)
 h - 27 poisoned darts
 n - 18 boomerangs
 x - 2 boomerangs of dispersal
 H - a curare-tipped dart
Armour
 e - a +2 cloak of poison resistance (worn)
 l - an orb of energy
 p - a +0 helmet (worn)
 r - a +1 buckler (worn)
 t - a +0 plate armour (worn)
 z - a +3 leather armour of fire resistance
 D - a +0 chain mail
 E - the +1 scale mail of Grace {rN++ Stlth+}
   (You found it on level 7 of the Dungeon)

   rN:        It greatly protects you from negative energy.
   Stlth:     It makes you more stealthy.
Jewellery
 m - a ring of positive energy (left hand)
 o - a ring of protection from fire
 q - a +4 ring of evasion
 A - a ring of positive energy
 B - a +4 ring of protection (right hand)
Wands
 a - a wand of digging (8)
 c - a wand of flame (29)
 C - a wand of polymorph (14)
 F - a wand of iceblast (1)
Scrolls
 i - a scroll of fog
 v - a scroll of enchant armour
 w - 2 scrolls of teleportation
 y - a scroll of enchant weapon
 I - 2 scrolls of identify
Potions
 d - 3 potions of attraction
 j - 4 potions of curing
 k - a potion of mutation
 s - 3 potions of lignification
 J - a potion of berserk rage {unknown}


   Skills:
 - Level 4.0 Fighting
 - Level 1.0 Short Blades
 + Level 6.3 Armour
 + Level 7.9 Dodging
 - Level 3.0 Shields
 + Level 12.8 Unarmed Combat
 + Level 5.6 Invocations


You had 10 spell levels left.
You didn't know any spells.
Your spell library contained the following spells:

 Spells                   Type           Power      Damage    Failure   Level
 Apportation              Tloc           0%         N/A       86%         1
 Summon Ice Beast         Ice/Summ       0%         N/A       100%        4
 Alistair's Intoxication  Tmut/Pois      0%         N/A       100%        5
 Summon Mana Viper        Hex/Summ       0%         N/A       100%        5
 Monstrous Menagerie      Summ           0%         N/A       100%        7


Dungeon Overview and Level Annotations

Branches:
Dungeon (11/15)            Temple (1/1) D:4
   Lair: D:8-11         Orc: D:9-12

Altars:
Ashenzari
Cheibriados
Dithmenos
Elyvilon
Fedhas
Gozag
Hepliaklqana
Kikubaaqudgha
Makhleb
Nemelex Xobeh
Okawaru
Qazlal
Ru
Sif Muna
Trog
Uskayaw
Vehumet
Wu Jian
Xom
Yredelemnul
Zin
The Shining One

Shops:
D:2 *   D:7 **   D:9 (   D:11 (

Portals:
Abyss: D:8

Annotations:
D:5 2 transporters, enile's ghost, novice GnWn
D:8 2 transporters, yunder69's ghost, novice GnBe


Innate Abilities, Weirdness & Mutations

You have razor-sharp teeth.
Your natural rate of healing is unusually fast.
When hurt, damage is shared between your health and your magic reserves.
Your bite disrupts and absorbs the magic of your enemies.
Potions cannot restore your health.


Message History

The orc shouts!
The orc wizard shouts!
The orc shouts!
You hear a shout!
The electric eel shoots out a bolt of lightning at you!
The bolt of electricity hits you!
* * * LOW HITPOINT WARNING * * *
The bolt of electricity hits the orc!
The orc dies!
An electric eel comes into view.
Unknown command.
Okay, then.
As you read the scroll of teleportation, it crumbles to dust.
You feel strangely unstable.
An orc comes into view. It is wielding a +0 dagger.
The electric eel shoots out a bolt of lightning at you!
The bolt of electricity hits you.
* * * LOW HITPOINT WARNING * * *
Unknown command.
Unknown command.
Unknown command.
As you read the scroll of fog, it crumbles to dust.
The scroll dissolves into smoke.
You block the orc's attack.
The electric eel shoots out a bolt of lightning at you!
The bolt of electricity hits you!
* * * LOW HITPOINT WARNING * * *
Unknown command.
Unknown command.
Unknown command.
Okay, then.
That's the wrong kind of item! (Use * to select it.) Evoke which item? (* to show all) (? for menu, Esc to quit)
Aiming: Paralyse
Press: ? - help, Shift-Dir - straight line, f - electric eel
Aim: an electric eel (water, chance to affect: 57%)
The electric eel suddenly stops moving!
The now-empty wand crumbles to dust.
The orc closely misses you.
Unknown command.
An orc comes into view. It is wielding a +0 flail.
Your surroundings suddenly seem different.
A boulder beetle comes into view.
Found a stone staircase leading down.
The boulder beetle bites you!!
You die...

#########'####
#............# ###
#.######.....###..
<................>
##.....########..#
..............#..#
.......######.#..#
..####... #.#..##
. #... #...@.# ..
..... ###B### >..
...... #. .......#
#. .......# #. #.
#≈ ≈≈


You could see a boulder beetle.

Vanquished Creatures
  A boulder beetle (D:11)
  2 hydras (D:11)
  3 two-headed ogres
  2 centaur warriors (D:11)
  A wizard (D:11)
  A deep elf pyromancer (D:10)
  A guardian serpent (shapeshifter) (D:11)
  2 komodo dragons
  2 trolls (D:11)
  2 vampires
  A shadow (D:11)
  A yak (D:11)
  A wraith (D:11)
  3 steam dragons
  A warg (shapeshifter) (D:11)
  2 acid dragons
  A water moccasin (D:6)
  7 orc warriors
  An ice beast (D:6)
  A sky beast (D:6)
  3 black bears
  An ogre (D:6)
  4 centaurs
  A phantom (D:6)
  A kobold brigand (D:8)
  A bullfrog (D:8)
  3 scorpions
  3 wights (D:7)
  3 killer bees (D:10)
  5 howler monkeys
  2 electric eels (D:9)
  8 hounds
  7 orc priests
  A jelly (D:4)
  9 iguanas
  12 orc wizards
  Robin (D:2)
  11 gnolls
  10 adders
  A shadow imp (D:7)
  2 worms
  3 dart slugs
  41 orcs
  7 ball pythons
  6 endoplasms
  2 giant cockroaches (D:2)
  10 goblins
  9 hobgoblins
  4 quokkas
  9 bats
  3 frilled lizards (D:9)
  7 kobolds
  6 rats
232 creatures vanquished.

Vanquished Creatures (others)
  An orc (D:11)
  8 fungi (D:5)
  6 plants (D:9)
15 creatures vanquished.

Grand Total: 247 creatures vanquished

Notes
Turn   | Place    | Note
-------+----------+-------------------------------------------
     0 | D:1      | Warped the Vine Stalker Fighter began the quest for the
                  | Orb.
     0 | D:1      | Reached XP level 1. HP: 11/11 MP: 2/2
   213 | D:1      | Reached XP level 2. HP: 15/16 MP: 3/3
   956 | D:2      | Reached skill level 3 in Unarmed Combat
   956 | D:2      | Reached XP level 3. HP: 20/20 MP: 4/4
  1172 | D:2      | Noticed Robin
  1195 | D:2      | Killed Robin
  1196 | D:2      | Gained mutation: Your natural rate of healing is unusually
                  | fast. [Vine Stalker growth]
  1196 | D:2      | Reached XP level 4. HP: 6/24 MP: 2/5
  1275 | D:2      | Found Doemim's Assorted Antiques.
  1280 | D:2      | Identified a scroll of acquirement
  1326 | D:2      | Bought a scroll labelled GEXUOLILLU for 23 gold pieces
  1326 | D:2      | Bought a fuming yellow potion for 20 gold pieces
  1326 | D:2      | Bought a viscous ruby potion for 20 gold pieces
  1326 | D:2      | Bought a scroll labelled LYDESE LAXEREA for 23 gold pieces
  1328 | D:2      | Acquired a +2 cloak of poison resistance
  1461 | D:2      | Reached skill level 4 in Unarmed Combat
  1645 | D:3      | Reached XP level 5. HP: 23/28 MP: 4/6
  2585 | D:4      | Reached skill level 1 in Short Blades
  2585 | D:4      | Reached XP level 6. HP: 33/33 MP: 7/7
  2709 | D:4      | Reached skill level 5 in Unarmed Combat
  2807 | D:4      | Found a staircase to the Ecumenical Temple.
  2824 | Temple   | Entered the Ecumenical Temple
  2902 | Temple   | Became a worshipper of Cheibriados the Contemplative
  3324 | D:5      | Entered Level 5 of the Dungeon
  3351 | D:5      | Reached skill level 6 in Unarmed Combat
  3351 | D:5      | Reached XP level 7. HP: 25/37 MP: 8/8
  3393 | D:5      | Noticed a kobold demonologist
  3678 | D:5      | Found a transporter.
  3683 | D:5      | Noticed enile's ghost (novice GnWn)
  3686 | D:5      | Found a transporter.
  3791 | D:5      | Reached skill level 7 in Unarmed Combat
  4241 | D:6      | Reached * piety under Cheibriados
  4254 | D:6      | Reached skill level 8 in Unarmed Combat
  4254 | D:6      | Gained mutation: You have razor-sharp teeth. [Vine Stalker
                  | growth]
  4254 | D:6      | Reached XP level 8. HP: 39/42 MP: 9/9
  4390 | D:6      | Reached skill level 9 in Unarmed Combat
  4581 | D:6      | Reached skill level 10 in Unarmed Combat
  4772 | D:6      | Reached XP level 9. HP: 32/45 MP: 10/10
  5094 | D:7      | Found Miofrera's General Store.
  5099 | D:7      | Reached ** piety under Cheibriados
  5105 | D:7      | Bought a scroll of identify for 28 gold pieces
  5128 | D:7      | Reached skill level 1 in Dodging
  5294 | D:7      | Reached skill level 11 in Unarmed Combat
  5332 | D:7      | Found Tiufim's Assorted Antiques.
  5354 | D:7      | Identified the +1 scale mail of Grace {rN++ Stlth+}
  5678 | D:8      | Reached *** piety under Cheibriados
  5724 | D:8      | Found a white marble altar of Elyvilon.
  5897 | D:8      | Found a transporter.
  5899 | D:8      | Found a one-way gate to the infinite horrors of the Abyss.
  5899 | D:8      | Noticed yunder69's ghost (novice GnBe)
  5906 | D:8      | Noticed a toenail golem
  5921 | D:8      | Found a transporter.
  6059 | D:8      | Found a bloodstained altar of Trog.
  6264 | D:8      | Noticed an ancient zyme
  6429 | D:9      | Reached XP level 10. HP: 28/49 MP: 11/11
  6524 | D:9      | Reached skill level 1 in Invocations
  6616 | D:9      | Reached **** piety under Cheibriados
  6690 | D:9      | Found Ygges's Weapon Emporium.
  6719 | D:9      | Noticed a two-headed ogre
  6966 | D:9      | Killed a two-headed ogre
  6967 | D:9      | Reached skill level 5 in Dodging
  7080 | D:10     | Entered Level 10 of the Dungeon
  7170 | D:10     | Identified the +7 spear of Mypnewor {flame, rC+}
  7196 | D:10     | Found a glowing silver altar of Zin.
  7213 | D:10     | Found a shimmering blue altar of Sif Muna.
  7397 | D:10     | Noticed a deep elf pyromancer
  7404 | D:10     | Killed a deep elf pyromancer
  7405 | D:10     | Reached skill level 12 in Unarmed Combat
  7678 | D:11     | Found Focs's Weapon Emporium.
  7752 | D:11     | Noticed a two-headed ogre
  7761 | D:11     | Killed a two-headed ogre
  7762 | D:11     | Reached skill level 5 in Armour
  7764 | D:11     | Noticed a guardian serpent
  7765 | D:11     | Noticed a centaur warrior
  7767 | D:11     | Noticed a wizard
  7768 | D:11     | Killed a guardian serpent
  7772 | D:11     | Reached XP level 11. HP: 38/53 MP: 10/14
  7895 | D:11     | Killed a centaur warrior
  7901 | D:11     | Killed a wizard
  7933 | D:11     | Noticed a green ugly thing
  7935 | D:11     | Noticed a storm dragon
  7959 | D:11     | Noticed an eight-headed hydra
  7962 | D:11     | Noticed a two-headed ogre
  7967 | D:11     | Killed an eight-headed hydra
  7970 | D:11     | Killed a two-headed ogre
  7987 | D:11     | Noticed a boulder beetle
  7998 | D:11     | Killed a boulder beetle
  7999 | D:11     | Reached skill level 5 in Invocations
  8016 | D:11     | Reached ***** piety under Cheibriados
  8017 | D:11     | Noticed a centaur warrior
  8020 | D:11     | Noticed a two-headed ogre
  8023 | D:11     | Killed a centaur warrior
  8098 | D:11     | Noticed a six-headed hydra
  8104 | D:11     | Killed a six-headed hydra
  8104 | D:11     | Noticed a boulder beetle
  8105 | D:11     | Noticed a four-headed hydra
  8124 | D:11     | Identified the +2 robe of the Lotus Blossom {Harm Int+3
                  | Stlth+}
  8125 | D:11     | Noticed a sixfirhy
  8128 | D:11     | Noticed a two-headed ogre
  8128 | D:11     | Noticed a cyclops
  8132 | D:11     | Noticed a boulder beetle
  8132 | D:11     | Mangled by a boulder beetle

Illustrated notes

Levels and vault maps discovered:
D:1:      dpeg_arrival_rhombus, layout_loops_ring, hangedman_glass_teeth,
          supply_closet_lemuel
D:2:      layout_rooms, serial_shops, nicolae_shop_hallway_plus,
          grunt_ministairs_9, minmay_misc_feat_doors, uniq_robin
D:3:      layout_loops_ring, minmay_ruptured
D:4:      layout_loops_ring, minmay_temple_entry_junction_2, grunt_ministairs_7,
          serial_bayou_lake_a
D:5:      layout_basic, gammafunk_ghost_arena, dreamdust_gnoll_farm
D:6:      layout_loops_ring
D:7:      layout_basic, serial_shops, nicolae_shop_behind_doors,
          nicolae_stop_n_shop_1
D:8:      layout_cave_pools, mainiacjoe_overflow_swirl,
          gammafunk_ghost_abyssal_escape
D:9:      layout_gridville, serial_shops, nicolae_shop_hallway_stairs,
          fountainhead, minmay_lizard_king
D:10:     layout_irregular_city, mainiacjoe_overflow_big_doors
D:11:     minmay_the_grid_square_5x5_4x4_mashed [minmay_the_grid_square_5x5_six,
          minmay_the_grid_square_5x5_three, minmay_the_grid_square_5x5_spiral,
          minmay_the_grid_square_5x5_two_small,
          minmay_the_grid_square_5x5_detours,
          minmay_the_grid_square_5x5_prize_open,
          minmay_the_grid_square_5x5_prize_open,
          minmay_the_grid_square_5x5_empty, minmay_the_grid_square_5x5_two,
          minmay_the_grid_square_5x5_prize_junk,
          minmay_the_grid_square_5x5_prize_monsterx,
          minmay_the_grid_square_5x5_inner_i,
          minmay_the_grid_square_5x5_spiral_small,
          minmay_the_grid_square_5x5_bracketed,
          minmay_the_grid_square_5x5_percent,
          minmay_the_grid_square_5x5_minibox], layout_basic, lair_entry_dummy,
          hiddenorc1_lemuel, serial_shops, nicolae_shop_trees
Temple:   compressed_dpeg_circular_temple

Skill      XL: |  1  2  3  4  5  6  7  8  9 10 11 |
---------------+----------------------------------+-----
Fighting       | 3 4 |  4.0
Unarmed Combat | 3 4 6 8 10 11 12 | 12.8
Shields        | 3 |  3.0
Short Blades   | 1 |  1.0
Dodging        | 4 6 7 |  7.9
Armour         | 4 5 6 |  6.3
Invocations    | 3 5 |  5.6

Action                   |  1- 3 |  4- 6 |  7- 9 | 10-12 || total
-------------------------+-------+-------+-------+-------++-------
Melee: Unarmed           |    69 |   220 |   257 |   187 ||   733
       Bite              |    16 |    51 |    71 |    75 ||   213
Evoke: Wand              |       |       |     3 |    38 ||    41
  Use: Potion            |     1 |       |       |     2 ||     3
       Scroll            |       |     8 |    10 |     9 ||    27
 Stab: Paralysed         |       |       |     1 |    13 ||    14
Armor: Scale mail        |    35 |   120 |    37 |       ||   192
       Chain mail        |       |       |    96 |     5 ||   101
       Plate armour      |       |       |       |    78 ||    78
Dodge: Dodged            |    38 |    83 |    77 |    86 ||   284
Block: Buckler           |    16 |    62 |    78 |    77 ||   233

Table legend: (Time is in decaauts)
 A = Elapsed time spent in this place.
 B = Non-inter-level travel time spent in this place.
 C = Inter-level travel time spent in this place.
 D = Time resting spent in this place.
 E = Time spent auto-exploring this place.
 F = Levels seen in this place.
 G = Mean time per level.
                   A        B        C        D        E       F      G
               +--------+--------+--------+--------+--------+-----+--------+
         Total |  10199 |   9526 |    673 |    338 |   7179 |  12 |  849.9 |
       Dungeon |  10109 |   9447 |    662 |    338 |   7122 |  11 |  919.0 |
        Temple |     90 |     80 |     10 |      0 |     57 |   1 |   90.0 |
               +--------+--------+--------+--------+--------+-----+--------+

Top non-repeatable levels by time:
     D:5: 1222 daAuts
     D:6: 1108 daAuts
     D:9: 1051 daAuts
    D:10: 1041 daAuts
     D:8: 1017 daAuts
     D:1: 946 daAuts
     D:3: 881 daAuts
     D:4: 867 daAuts
     D:7: 792 daAuts
     D:2: 678 daAuts
    D:11: 503 daAuts
  Temple: 90 daAuts
